 Dungeon Crawl Stone Soup version 0.31-a0-232-gb1c03b2570 (webtiles) character file.

Game seed: 13762424382991602125

1772 qw the Skirmisher (level 9, -3/55 HPs)
             Began as a Gargoyle Hexslinger on July 7, 2023.
             Slain by a troll (11 damage)
             ... on level 7 of the Dungeon.
             The game lasted 00:02:25 (4429 turns).

qw the Skirmisher (Gargoyle Hexslinger)             Turns: 4429, Time: 00:02:26

Health: -3/55      AC: 13    Str: 12    XL:     9   Next: 7%
Magic:  10/10      EV: 12    Int: 14    God:
Gold:   90         SH:  0    Dex: 16    Spells: 9/10 levels left

rFire   + . .        p - +0 orcbow
rCold   + . .        (shield currently unavailable)
rNeg    + . .        o - +0 troll leather armour {Pargi}
rPois   inf          l - +0 helmet
rElec   +            e - scarf {rC+ rF+}
rCorr   .            i - +0 pair of gloves
SInv    .            (no boots)
Will    +....        (no amulet)
Stlth   +            a - ring of willpower
HPRegen 1.09/turn    (no ring)
MPRegen 0.12/turn

%: no passive effects
@: no status effects
A: sickness immunity, AC +6, negative energy resistance 1, electricity
resistance, torment resistance 1, petrification resistance
a: no special abilities


You were on level 7 of the Dungeon.
You visited 2 branches of the dungeon, and saw 8 of its levels.

You collected 258 gold pieces.
You spent 168 gold pieces at shops.


Innate Abilities, Weirdness & Mutations

You are immune to sickness and miasma.
Your stone body is resilient. (AC +6)
You are immune to poison.
You resist negative energy. (rN+)
You are resistant to electric shocks. (rElec)
You are resistant to unholy torment.
You are immune to petrification.


   Skills:
 - Level 6.3 Fighting
 + Level 9.4 Ranged Weapons
 - Level 2.8 Armour
 - Level 2.1 Dodging
 - Level 1.0 Spellcasting
 - Level 2.6 Hexes


You had 9 spell levels left.
You knew the following spells:

 Your Spells              Type           Power      Damage    Failure   Level
a - Slow                  Hex            32%        N/A       11%         1

Your spell library contained the following spells:

 Spells                   Type           Power      Damage    Failure   Level
 Inner Flame              Hex/Fire       4%         N/A       50%         3
 Portal Projectile        Hex/Tloc       8%         N/A       50%         3
 Cause Fear               Hex            4%         N/A       73%         4

Inventory:

Hand Weapons
 p - a +0 orcbow (weapon)
Armour
 b - a +0 cloak
 e - a scarf of resistance (worn)
 g - a scarf of repulsion
 i - a +0 pair of gloves (worn)
 l - a +0 helmet (worn)
 o - a +0 troll leather armour (worn) {Pargi}
Jewellery
 a - a ring of willpower (left hand)
 k - a ring of resist corrosion
Scrolls
 c - 2 scrolls of identify
 d - a scroll of fog {unknown}
Potions
 f - a potion of might {unknown}
 h - a potion of resistance {unknown}
 j - a potion of cancellation {unknown}
 m - a potion of haste
 n - 2 potions of curing

Dungeon Overview and Level Annotations

Branches:
Dungeon (7/15)             Temple (1/1) D:6

Altars:
Ashenzari
Cheibriados
Dithmenos
Fedhas
Gozag
Hepliaklqana
Nemelex Xobeh
Qazlal
Ru
Sif Muna
Trog
Uskayaw
Vehumet
Wu Jian
Xom
Yredelemnul
Zin
The Shining One

Shops:
D:3 [   D:4 :   D:6 [   D:7 *

Annotations:
D:6 2 runed translucent doors, qw's ghost, novice GrHs


Message History

You shoot an arrow. The arrow hits the troll!
The troll is moderately wounded.
You shoot an arrow. The arrow barely misses the troll.
You shoot an arrow. The arrow barely misses the troll.
You shoot an arrow. The arrow closely misses the troll.
You shoot an arrow. The arrow hits the troll!
The troll is heavily wounded.
The troll bites you! The troll barely misses you. x2
You shoot an arrow. The arrow hits the troll!
The troll is heavily wounded.
The troll bites you but does no damage. The troll barely misses you.
The troll closely misses you.
You shoot an arrow. The arrow hits the troll.
The troll is severely wounded.
The troll bites you but does no damage. The troll claws you.
The troll closely misses you.
You shoot an arrow. The arrow closely misses the troll.
The troll closely misses you. The troll claws you!
The troll closely misses you.
You shoot an arrow. The arrow barely misses the troll.
The troll bites you but does no damage. The troll claws you but does no damage.
The troll claws you.
You shoot an arrow. The arrow hits the troll.
The troll is severely wounded.
The troll closely misses you. The troll barely misses you.
The troll claws you but does no damage.
You shoot an arrow.
The arrow hits the troll but does no damage.
The troll is heavily wounded.
The troll bites you! The troll closely misses you. x2
You shoot an arrow.
The arrow hits the troll but does no damage.
The troll is heavily wounded.
The troll bites you! The troll misses you. The troll barely misses you.
You shoot an arrow. The arrow hits the troll.
The troll is severely wounded.
The troll misses you. The troll claws you. x2
You shoot an arrow. The arrow barely misses the troll.
The troll bites you but does no damage.
The troll claws you but does no damage. x2
The troll bites you!
You die...

........# #.#..........#
......#.# #.####.......#
......#.## #.# #.......#
......#..####.# #....%..#
......#.....#.# #...<...#
########.##.#.####.#######
#.#.\#.#....# #
#........#### ..
#.....#...@..# #..
#.........T....#
#...................#
..........^........#
#..................
#......>.........###
................#
............#


You could see a troll.

Vanquished Creatures
  A water moccasin (D:7)
  Pargi (D:3)
  An orc warrior (D:4)
  A black bear (D:7)
  A sky beast (D:6)
  A centaur (D:7)
  A phantom (D:5)
  2 kobold brigands (D:6)
  3 bullfrogs (D:7)
  4 scorpions
  2 hounds
  A gnoll bouda (D:5)
  An orc priest (D:7)
  4 orc wizards
  2 iguanas
  9 adders
  9 gnolls (D:5)
  An ufetubus (D:6)
  2 worms
  A dart slug (D:4)
  13 orcs
  5 bats
  3 endoplasms
  3 giant cockroaches
  10 goblins
  9 hobgoblins
  8 quokkas
  9 ball pythons
  2 frilled lizards
  14 kobolds
  22 rats
146 creatures vanquished.

Notes
Turn   | Place    | Note
-------+----------+-------------------------------------------
     0 | D:1      | qw the Gargoyle Hexslinger began the quest for the Orb.
     0 | D:1      | Reached XP level 1. HP: 12/12 MP: 2/2
     0 | D:1      | 0 ||| qw: Version: 0.3-a-46-gb1f654a
     0 | D:1      | 0 ||| qw: Game counter: 2632
     0 | D:1      | 0 ||| qw: Melee chars always use a shield: true
     0 | D:1      | 0 ||| qw: God list: Okawaru
     0 | D:1      | 0 ||| qw: Allow faded altars: false
     0 | D:1      | 0 ||| qw: Do Orc after clearing Dungeon:15 true
     0 | D:1      | 0 ||| qw: Do second Lair branch before Depths: true
     0 | D:1      | 0 ||| qw: Lair rune preference: random
     0 | D:1      | 0 ||| qw: Goals: Normal
     0 | D:1      | 0 ||| PLANNING D:1-11
     2 | D:1      | 2 ||| Stepping ~*~*~tactically~*~*~ (water).
    77 | D:1      | Reached XP level 2. HP: 16/16 MP: 3/3
   208 | D:1      | Reached skill level 3 in Ranged Weapons
   286 | D:1      | Found a faded altar of an unknown god.
   614 | D:1      | Reached XP level 3. HP: 21/21 MP: 4/4
   622 | D:1      | 622 ||| UPGRADING to +0 ring mail.
   632 | D:1      | 632 ||| DROPPING +0 robe.
   633 | D:1      | 633 ||| UPGRADING to +0 pair of gloves.
   638 | D:1      | 638 ||| READING scroll labelled MANKARUORE.
   653 | D:1      | 653 ||| READING scroll labelled TEOXOA DIHAEL.
   654 | D:1      | 654 ||| DRINKING 2 bubbling ruby potions.
   655 | D:1      | 655 ||| DROPPING scroll of poison.
   698 | D:2      | Reached skill level 1 in Armour
  1025 | D:2      | Reached XP level 4. HP: 26/26 MP: 5/5
  1320 | D:2      | 1320 ||| UPGRADING to +0 cloak.
  1325 | D:2      | 1325 ||| UPGRADING to scarf of repulsion.
  1335 | D:2      | 1335 ||| UPGRADING to ring of willpower.
  1336 | D:2      | 1336 ||| READING 2 scrolls labelled OFOAKKIKUSM.
  1337 | D:2      | 1337 ||| READING scroll labelled OQOBASHRUCIHYS.
  1393 | D:3      | Found a radiant altar of Vehumet.
  1440 | D:3      | Found Uriag Utro's Armour Boutique.
  1448 | D:3      | 1448 ||| SHOPLISTING +1 leather armour of willpower (196
                  | gold, have 74).
  1448 | D:3      | 1448 ||| SHOPLISTING +1 robe of Dettaacu {Harm rF- rC+
                  | MP+9} (442 gold, have 74).
  1448 | D:3      | 1448 ||| SHOPLISTING +2 pair of gloves of hurling (301
                  | gold, have 74).
  1448 | D:3      | 1448 ||| SHOPLISTING +2 ring mail of poison resistance (252
                  | gold, have 74).
  1472 | D:3      | Found a hide-covered altar of Uskayaw.
  1480 | D:3      | Reached skill level 4 in Ranged Weapons
  1713 | D:3      | Noticed Pargi
  1728 | D:3      | HP: 6/26 [Pargi (3)]
  1729 | D:3      | 1729 ||| DRINKING potion of heal wounds.
  1737 | D:3      | Killed Pargi
  1738 | D:3      | Reached skill level 5 in Ranged Weapons
  1738 | D:3      | Reached XP level 5. HP: 16/30 MP: 6/6
  1743 | D:3      | HP: 7/30 [hobgoblin (2)]
  1745 | D:3      | 1745 ||| FLEEEEING.
  1746 | D:3      | 1746 ||| FLEEEEING.
  1747 | D:3      | 1747 ||| FLEEEEING.
  1748 | D:3      | 1748 ||| FLEEEEING.
  1749 | D:3      | 1749 ||| FLEEEEING.
  1750 | D:3      | 1750 ||| FLEEEEING.
  1751 | D:3      | 1751 ||| FLEEEEING.
  1752 | D:3      | 1752 ||| FLEEEEING.
  1753 | D:3      | 1753 ||| FLEEEEING.
  1759 | D:3      | 1759 ||| FLEEEEING.
  1760 | D:3      | 1760 ||| FLEEEEING.
  1995 | D:3      | Found a shimmering altar of Xom.
  2161 | D:3      | 2161 ||| UPGRADING to +0 helmet.
  2166 | D:3      | 2166 ||| UPGRADING to +0 troll leather armour {Pargi}.
  2176 | D:3      | 2176 ||| DROPPING +0 ring mail.
  2177 | D:3      | 2177 ||| DROPPING ring of wizardry.
  2178 | D:3      | 2178 ||| READING scroll labelled DOTHAE COSO.
  2179 | D:3      | 2179 ||| READING scroll labelled XYTIHYO FASHRAM.
  2228 | D:4      | 2228 ||| STAIRDANCE
  2259 | D:4      | Reached skill level 3 in Fighting
  2259 | D:4      | Reached XP level 6. HP: 31/37 MP: 7/7
  2432 | D:4      | Reached skill level 6 in Ranged Weapons
  2556 | D:4      | Found a sacrificial altar of Ru.
  2560 | D:4      | 2560 ||| Stepping ~*~*~tactically~*~*~ (outnumbered).
  2651 | D:4      | Found Dirghefux's Book Boutique.
  2760 | D:4      | Found a glowing golden altar of the Shining One.
  2761 | D:4      | Found a blossoming altar of Fedhas.
  2807 | D:4      | Noticed an orc warrior
  2818 | D:4      | HP: 9/37 [orc warrior/+0 broad axe (11)]
  2818 | D:4      | HP: 4/37 [orc warrior/+0 broad axe (5)]
  2822 | D:4      | Killed an orc warrior
  2823 | D:4      | Reached XP level 7. HP: 10/44 MP: 8/8
  2824 | D:4      | HP: 10/44 [something (2)]
  2926 | D:4      | 2926 ||| UPGRADING to scarf of resistance.
  2936 | D:4      | 2936 ||| READING scroll labelled KYOSHU NAEXTIE.
  2979 | D:5      | Entered Level 5 of the Dungeon
  3035 | D:5      | Identified the +2 chain mail of Generosity {rElec rN+}
  3053 | D:5      | Reached skill level 7 in Ranged Weapons
  3196 | D:5      | Reached XP level 8. HP: 48/48 MP: 9/9
  3330 | D:5      | Reached skill level 8 in Ranged Weapons
  3517 | D:5      | 3517 ||| READING scroll labelled OFO PACVESEGHA.
  3518 | D:5      | 3518 ||| READING scroll labelled HEMYFOA GOTUU.
  3519 | D:5      | 3519 ||| READING scroll labelled POTEKHLEDAL.
  3569 | D:6      | Found an ornate altar of the Wu Jian Council.
  3691 | D:6      | Found a large runed translucent door.
  3699 | D:6      | Found a large runed translucent door.
  3700 | D:6      | Noticed qw's ghost (novice GrHs)
  3745 | D:6      | 3745 ||| READING scroll of enchant weapon.
  3745 | D:6      | 3745 ||| ENCHANTING +2 sling of flaming.
  3773 | D:6      | Found Rexzag's Armour Boutique.
  3782 | D:6      | Found a stormy altar of Qazlal.
  3784 | D:6      | 3784 ||| DRINKING 2 blue potions.
  3938 | D:6      | Found a staircase to the Ecumenical Temple.
  3939 | D:6      | 3939 ||| PLANNING TEMPLE
  3939 | D:6      | 3939 ||| DROPPING +1 leather armour of positive energy.
  3940 | D:6      | 3940 ||| READING 2 scrolls of identify.
  3940 | D:6      | 3940 ||| IDENTIFYING dark potion
  3941 | D:6      | 3941 ||| DROPPING potion of magic.
  3949 | Temple   | Entered the Ecumenical Temple
  4004 | Temple   | 4004 ||| PLANNING D:1-11
  4203 | D:7      | Found Ymiuxkil's Assorted Antiques.
  4208 | D:7      | 4208 ||| SHOPLISTING glowing triple crossbow (364 gold,
                  | have 220).
  4208 | D:7      | 4208 ||| BUYING potion of curing (84 gold).
  4208 | D:7      | Bought a potion of curing for 84 gold pieces
  4208 | D:7      | 4208 ||| BUYING scroll labelled KEFFOG WUREY (28 gold).
  4208 | D:7      | Bought a scroll labelled KEFFOG WUREY for 28 gold pieces
  4208 | D:7      | 4208 ||| BUYING scroll of identify (56 gold).
  4208 | D:7      | Bought a scroll of identify for 56 gold pieces
  4208 | D:7      | 4208 ||| SHOPLISTING scroll of identify (56 gold, have 52).
  4208 | D:7      | 4208 ||| SHOPLISTING short bone wand (112 gold, have 52).
  4252 | D:7      | Reached skill level 9 in Ranged Weapons
  4312 | D:7      | Reached skill level 6 in Fighting
  4312 | D:7      | Reached XP level 9. HP: 37/55 MP: 10/10
  4374 | D:7      | 4374 ||| SWAPPING to +0 orcbow.
  4382 | D:7      | 4382 ||| DROPPING +3 sling of flaming.
  4415 | D:7      | Noticed a troll
  4427 | D:7      | HP: 10/55 [troll (11)]
  4429 | D:7      | Slain by a troll

Levels and vault maps discovered:
D:1:      ebering_hopf_link, layout_basic,
          chequers_ecumenical_altar_simple_redux
D:2:      layout_rooms, st_stairs_9, hangedman_decor_push,
          amcnicky_mini_rare_corridor_liquid, minmay_door_square, minivault_25,
          nicolae_twisty_statue_hallways
D:3:      layout_rooms, mainiacjoe_overflow_concentric_impassable,
          lemuel_tele_altar, marbit_many_paths, serial_shops, shop,
          wad_woods_river_04, uniq_pargi
D:4:      layout_rooms, mainiacjoe_overflow_divided_tiny,
          nicolae_ru_great_annihilating_truth, serial_shops, shop,
          minmay_tree_intersection, minmay_rat_hole
D:5:      layout_rooms, palyth_stone_intersect
D:6:      layout_rooms, nicolae_wu_jian_glorious_leap,
          nicolae_qazlal_beasts_of_the_sky, minmay_temple_entry_ruins,
          serial_shops, nicolae_shop_statue_plus, ebering_ghost_disaster_area
D:7:      layout_rooms, serial_shops, shop, kennysheep_minor_cross
Temple:   zaba_magenta_temple

Skill      XL: |  1  2  3  4  5  6  7  8 |
---------------+-------------------------+-----
Ranged Weapons | 3 5 6 7 9 |  9.4
Fighting       | 2 3 4 6 |  6.3
Armour         | 1 2 |  2.8
Dodging        | 2 |  2.1
Spellcasting   | |  1.0
Hexes          | |  2.6

Action                     |  1- 3 |  4- 6 |  7- 9 || total
---------------------------+-------+-------+-------++-------
   Fire: Sling             |   102 |   232 |   248 ||   582
         Orcbow            |       |       |    22 ||    22
    Use: Scroll            |     2 |     4 |     6 ||    12
         Potion            |     1 |     1 |     1 ||     3
 Armour: Robe              |     9 |       |       ||     9
         Ring mail         |    12 |    71 |       ||    83
         Troll leather arm |       |    43 |    98 ||   141
  Dodge: Dodged            |    16 |   116 |   102 ||   234
         Repelled          |       |     1 |       ||     1

Table legend:
 A = Non-vault XP
 B = Vault XP
 C = Vault XP percentage of total XP
 D = Non-vault monster count
 E = Vault monster count
 F = Vault count percentage of total count
                 A         B        C        D         E       F
            +---------+---------+-------+---------+---------+-------
      Total |    2184 |     348 |  13.7 |     118 |      28 |  19.2
            +---------+---------+-------+---------+---------+-------
        D:1 |      34 |       0 |   0.0 |      21 |       0 |   0.0
        D:2 |      52 |      15 |  22.4 |      15 |       2 |  11.8
        D:3 |      55 |     139 |  71.6 |      19 |       2 |   9.5
        D:4 |     369 |      61 |  14.2 |      19 |      23 |  54.8
        D:5 |     611 |       0 |   0.0 |      23 |       0 |   0.0
        D:6 |     350 |     133 |  27.5 |      11 |       1 |   8.3
        D:7 |     713 |       0 |   0.0 |      10 |       0 |   0.0
            +---------+---------+-------+---------+---------+-------
